 Dungeon Crawl Stone Soup version 0.28-b1-25-g9875b3fc8c (webtiles) character file.

Game seed: 13033878844300887359

4246 pkoi the Destroyer (level 10, -14/69 HPs)
             Began as a Pale Draconian Conjurer on Feb 2, 2022.
             Was a Follower of Dithmenos.
             Killed from afar by an acid dragon (22 damage)
             ... with a splash of acid
             ... on level 8 of the Dungeon.
             The game lasted 00:13:34 (13543 turns).

pkoi the Destroyer (Pale Draconian Conjurer)       Turns: 13543, Time: 00:13:34

Health: -14/69     AC:  4    Str:  9    XL:     10   Next: 9%
Magic:  2/16       EV: 12    Int: 22    God:    Dithmenos [*.....]
Gold:   408        SH:  0    Dex: 11    Spells: 11/18 levels left

rFire   + . .      SeeInvis +   r - +2 whip (venom)
rCold   + . .      Faith    .   (no shield)
rNeg    . . .      Spirit   .   (armour unavailable)
rPois   .          Reflect  .   (helmet restricted)
rElec   .          Harm     .   e - scarf {rC+ rF+}
rCorr   .          Rampage  .   x - +2 pair of gloves
Will    .....                   q - +1 pair of boots
Stlth   +++.......              l - amulet of the acrobat
HPRegen 0.21/turn               o - ring of see invisible
MPRegen 0.15/turn               (no ring)

@: corroded, wreathed by umbra
A: breathe steam, AC +7, unfitting armour, cold-blooded, steam resistance
a: Breathe Steam, Renounce Religion


You were on level 8 of the Dungeon.
You worshipped Dithmenos.
Dithmenos was aware of your devotion.
You visited 2 branches of the dungeon, and saw 9 of its levels.

You collected 408 gold pieces.

Inventory:

Hand Weapons
 a - a +0 short sword
 c - a +0 quarterstaff
 r - a +2 whip of venom (weapon)
Missiles
 t - 5 curare-tipped darts
Armour
 e - a scarf of resistance (worn)
 q - a +1 pair of boots (worn)
 x - a +2 pair of gloves (worn)
Magical Staves
 i - a staff of poison
Jewellery
 l - an amulet of the acrobat (around neck)
 m - a +6 ring of intelligence
 o - a ring of see invisible (left hand)
 y - a ring of flight
Wands
 h - a wand of paralysis (7)
 v - a wand of charming (11)
Scrolls
 d - 3 scrolls of magic mapping
 f - 4 scrolls of teleportation
 s - 2 scrolls of fear
 u - 2 scrolls of identify
 z - a scroll of enchant armour
 A - a scroll of acquirement {unknown}
 B - 3 scrolls of blinking
Potions
 b - a potion of haste
 g - 3 potions of heal wounds
 j - 3 potions of cancellation
 k - 3 potions of curing
 n - 4 potions of attraction
 p - a potion of brilliance
 w - a potion of berserk rage


   Skills:
 + Level 3.8 Staves
 + Level 3.4 Dodging
 + Level 3.7 Stealth
 + Level 4.5 Spellcasting
 * Level 12.0 Conjurations
 + Level 4.0 Translocations
 - Level 3.0 Evocations


You had 11 spell levels left.
You knew the following spells:

 Your Spells              Type           Power      Damage    Failure   Level
a - Magic Dart            Conj           100%       1d8       1%          1
b - Searing Ray           Conj           100%       2d8       1%          2
c - Iskenderun's Mystic   Conj/Tloc      40%        2d9       4%          4

Your spell library contained the following spells:

 Spells                   Type           Power      Damage    Failure   Level
 Dazzling Flash           Conj/Hex       62%        N/A       2%          3
 Fulminant Prism          Conj/Hex       15%        3d11      9%          4
 Animate Skeleton         Necr           8%         N/A       11%         1
 Pain                     Necr           16%        1d4       11%         1
 Vampiric Draining        Necr           4%         2d6       32%         3


Dungeon Overview and Level Annotations

Branches:
Dungeon (8/15)             Temple (1/1) D:6
   Lair: D:8-11

Altars:
Ashenzari
Cheibriados
Dithmenos
Elyvilon
Fedhas
Gozag
Hepliaklqana
Kikubaaqudgha
Makhleb
Nemelex Xobeh
Okawaru
Ru
Sif Muna
Trog
Uskayaw
Vehumet
Wu Jian
Xom
Yredelemnul
Zin
The Shining One

Annotations:
D:2 Sigmund


Innate Abilities, Weirdness & Mutations

You can breathe blasts of scalding, opaque steam.
Your pale cyan-grey scales are hard. (AC +7)
You cannot fit into any form of body armour.
You are cold-blooded and may be slowed by cold attacks.
You are immune to the effects of steam.


Message History

Confirm with . or Enter, or press ? or * to list all spells.
You don't have enough magic to cast this spell.
Unknown command.
Unknown command.
The acid dragon spits acid at you. The splash of acid hits you!
You hear a shout! x2
Things that are here:
a +0 dagger; a +0 robe You completely miss the acid dragon.
Your tail-slap misses the acid dragon.
The acid dragon is severely wounded.
The acid dragon bites you. The acid dragon closely misses you.
You barely miss the acid dragon.
The acid dragon is severely wounded.
The acid dragon bites you. The acid dragon claws you.
You hit the acid dragon but do no damage.
The acid dragon is severely wounded.
The acid dragon closely misses you. The acid dragon barely misses you.
A shadow imp comes into view.
You hit the acid dragon but do no damage.
The acid dragon is severely wounded.
The acid dragon barely misses you.
The acid dragon claws you but does no damage.
Unknown command.
You hit the acid dragon but do no damage.
The acid dragon is severely wounded.
The acid dragon barely misses you. The acid dragon closely misses you.
Unknown command.
The acid dragon spits acid at you. The splash of acid hits you!
The acid corrodes you!
You hear a shout!
The acid dragon spits acid at you. The splash of acid hits you!
* * * LOW HITPOINT WARNING * * *
The acid corrodes you!
The shadow imp summons a swarm of flies.
There is a stone staircase leading up here.
The acid dragon spits acid at you. The splash of acid hits you!!
You die...

...###....#######.......)
...#.......)))...# #5#
...#.#....######.####.#.#
...#.######...........#)#
...#.## #.###.#######)#
......# #.##........#.######
##.#### ###.##..#....5.......#
#.# #..........D#.##.....#
##.######.#...)#@...#.##.....#
...#....#.#^#..##.#.#.##.....#
.....#.##......##.....##.....#
..####.###.....#####.###.....#
.......# #.#.......#.# #.....#
.####### #.#.......#.# #.....#
.#########.#.##.#..#.###..)).#
........##.#....#.......))...#
#######.##.######....#######.#


You could see an acid dragon (catching breath) and a shadow imp.

Vanquished Creatures
  2 centaur zombies
  A kobold demonologist (D:5)
  A troll (D:5)
  Edmund (D:6)
  3 water moccasins
  An orc warrior (D:7)
  4 sky beasts
  2 ice beasts (D:7)
  4 ogres
  A necrophage (D:6)
  A centaur (D:7)
  A phantom (D:6)
  A kobold brigand (D:8)
  3 bullfrogs
  A scorpion (D:4)
  2 water moccasin zombies
  2 water moccasin skeletons (D:5)
  5 wights (D:8)
  A vampire bat (D:4)
  A howler monkey (D:5)
  A bullfrog zombie (D:7)
  6 orc priests
  A bullfrog skeleton (D:4)
  3 hounds
  An iguana (D:4)
  Jessica (D:2)
  8 orc wizards
  A killer bee zombie (D:7)
  A hound zombie (D:5)
  A hound skeleton (D:5)
  7 gnolls
  7 adders
  2 shadow imps
  3 worms
  The ghost of cbfl8 the Sneak, a weakling MiDe (D:5)
  A dart slug (D:4)
  3 fire bats (D:4)
  31 orcs
  2 spectral bats (D:4)
  3 bat skeletons (D:4)
  A bat zombie (D:4)
  4 endoplasms
  4 giant cockroaches
  3 goblins
  7 hobgoblins
  2 jackals (D:5)
  6 quokkas
  7 ball pythons
  14 bats
  A bat simulacrum (D:4)
  A frilled lizard (D:1)
  A goblin skeleton (D:7)
  A goblin zombie (D:7)
  2 hobgoblin zombies (D:7)
  9 kobolds
  3 kobold skeletons (D:7)
  A kobold zombie (D:7)
  10 rats
199 creatures vanquished.

Vanquished Creatures (others)
  36 plants (D:4)
36 creatures vanquished.

Grand Total: 235 creatures vanquished

Notes
Turn   | Place    | Note
-------+----------+-------------------------------------------
     0 | D:1      | pkoi the Draconian Conjurer began the quest for the Orb.
     0 | D:1      | Reached XP level 1. HP: 14/14 MP: 3/3
   271 | D:1      | Reached XP level 2. HP: 20/20 MP: 1/5
   668 | D:1      | Found a faded altar of an unknown god.
  1323 | D:2      | Noticed Sigmund
  1360 | D:2      | Reached XP level 3. HP: 26/26 MP: 3/6
  1455 | D:2      | Learned a level 2 spell: Searing Ray
  1577 | D:2      | Noticed Jessica
  1577 | D:2      | Found an iron altar of Okawaru.
  1580 | D:2      | Killed Jessica
  1581 | D:2      | Reached skill level 1 in Staves
  2101 | D:3      | Reached XP level 4. HP: 33/33 MP: 5/8
  2137 | D:3      | Reached skill level 5 in Conjurations
  2575 | D:4      | Found a hazy altar of Hepliaklqana.
  2773 | D:4      | Reached skill level 1 in Evocations
  2840 | D:4      | Reached XP level 5. HP: 36/38 MP: 1/9
  3731 | D:4      | Reached XP level 6. HP: 45/45 MP: 1/10
  3932 | D:4      | Reached skill level 6 in Conjurations
  5161 | D:4      | Reached skill level 7 in Conjurations
  5161 | D:4      | Your scales start taking on a pale cyan-grey colour.
  5161 | D:4      | Reached XP level 7. HP: 42/50 MP: 7/11
  5161 | D:4      | Gained mutation: You are immune to the effects of steam.
                  | [Pale Draconian growth]
  6278 | D:5      | Entered Level 5 of the Dungeon
  6477 | D:4      | Reached skill level 8 in Conjurations
  7174 | D:5      | Noticed a troll
  7209 | D:5      | Killed a troll
  7210 | D:5      | Reached skill level 9 in Conjurations
  7210 | D:5      | Reached XP level 8. HP: 24/57 MP: 0/12
  7424 | D:5      | Learned a level 4 spell: Iskenderun's Mystic Blast
  7861 | D:5      | Reached skill level 1 in Translocations
  8104 | D:5      | Reached skill level 10 in Conjurations
  8355 | D:5      | Noticed a kobold demonologist
  8360 | D:5      | Killed a kobold demonologist
  8824 | D:5      | Found a runed translucent door.
  8825 | D:5      | Noticed cbfl8's ghost (weakling MiDe)
  8962 | D:5      | Killed cbfl8's ghost
  9202 | D:6      | Reached XP level 9. HP: 62/62 MP: 4/13
  9276 | D:6      | Found a staircase to the Ecumenical Temple.
  9281 | D:6      | Reached skill level 11 in Conjurations
  9288 | Temple   | Entered the Ecumenical Temple
  9722 | Temple   | Became a worshipper of Dithmenos the Shadowed
 10661 | D:6      | Noticed Edmund
 10674 | D:6      | Killed Edmund
 11326 | D:7      | Found an iron altar of Okawaru.
 11787 | D:7      | Found a glowing golden altar of the Shining One.
 12296 | D:7      | Found a blossoming altar of Fedhas.
 12857 | D:7      | Reached * piety under Dithmenos
 12861 | D:7      | Reached XP level 10. HP: 64/69 MP: 8/16
 13228 | D:8      | Reached skill level 12 in Conjurations
 13543 | D:8      | Killed from afar by an acid dragon

Illustrated notes

Levels and vault maps discovered:
D:1:      elethiomel_arrival_shortcut, layout_basic, basic_ecumenical_altar
D:2:      layout_basic, basic_altar, serial_bayou_lake_a, uniq_jessica,
          uniq_sigmund
D:3:      layout_loops_ring, bh_walls_and_bars
D:4:      wad_woods_stonehenge, layout_basic, serial_rivers,
          chequers_serial_rivers_room_b, chequers_serial_rivers_small_3,
          chequers_serial_rivers_micro_a, chequers_serial_rivers_small_b,
          chequers_serial_rivers_micro_a, chequers_serial_rivers_small_a,
          grunt_ministairs_8, goddamned_bats
D:5:      kennysheep_six_static_rooms, layout_basic,
          ebering_ghost_reflecting_pool
D:6:      layout_cave_pods, minmay_temple_entry_large_hall, uniq_edmund
D:7:      layout_basic, nicolae_tso_besieged_by_evil,
          mainiacjoe_overflow_alcove_4, okawaru_trees_1,
          kennysheep_generic_room_7
D:8:      layout_basic
Temple:   mainiacjoe_temple_coin_purse

Skill      XL: |  1  2  3  4  5  6  7  8  9 10 |
---------------+-------------------------------+-----
Staves         | 1 2 3 |  3.8
Conjurations   | 5 7 9 10 11 12 | 12.0
Evocations     | 1 3 |  3.0
Spellcasting   | 3 4 |  4.5
Translocations | 3 4 |  4.0
Dodging        | 3 |  3.4
Stealth        | 3 |  3.7

Action                   |  1- 3 |  4- 6 |  7- 9 | 10-12 || total
-------------------------+-------+-------+-------+-------++-------
Melee: Staff             |       |    30 |       |       ||    30
       Tailslap          |       |    12 |    26 |     3 ||    41
       Whip              |       |    16 |   138 |     8 ||   162
 Cast: Magic Dart        |    65 |   103 |    27 |    18 ||   213
       Searing Ray       |       |     8 |    56 |     8 ||    72
 Abil: Breathe Steam     |       |       |    13 |     1 ||    14
  Use: Potion            |       |     1 |     6 |       ||     7
       Scroll            |       |       |    14 |       ||    14
 Stab: Sleeping          |       |       |     3 |       ||     3
Armor: Skin              |     1 |    40 |    96 |     7 ||   144
Dodge: Dodged            |     7 |    79 |   150 |    25 ||   261
